 Dungeon Crawl Stone Soup version 0.23.2-33-g5129a83184 (webtiles) character file.

Game seed: 16261363659946995774

7308 Kold the Destroyer (level 10, -8/81 HPs)
             Began as a Red Draconian Conjurer on July 16, 2019.
             Was a Priest of Vehumet.
             Shot with an arrow by a centaur warrior (24 damage)
             ... on level 9 of the Dungeon.
             The game lasted 00:36:56 (11971 turns).

Kold the Destroyer (Red Draconian Conjurer)        Turns: 11971, Time: 00:36:57

Health: -8/81      AC: 11    Str: 11    XL:     10   Next: 90%
Magic:  12/16      EV: 19    Int: 18    God:    Vehumet [***...]
Gold:   445        SH:  5    Dex: 12    Spells: 3/17 levels left

rFire    + . .     SeeInvis .   u - +2 war axe (freeze)
rCold    + . .     Gourm    .   y - +0 buckler
rNeg     . . .     Faith    .   (armour unavailable)
rPois    .         Spirit   .   (helmet restricted)
rElec    .         Reflect  .   q - +0 cloak
rCorr    .         Harm     .   l - +2 pair of gloves
MR       .....                  (no boots)
Stlth    ++........             (no amulet)
HPRegen  0.23/turn              f - ring of protection from cold
MPRegen  0.15/turn              r - +4 ring of evasion

@: no status effects
A: breathe fire, unfitting armour, fire resistance 1, cold-blooded, AC +7
a: Breathe Fire, Renounce Religion


You were on level 9 of the Dungeon.
You worshipped Vehumet.
Vehumet was most pleased with you.
You were not hungry.

You visited 2 branches of the dungeon, and saw 10 of its levels.

You collected 445 gold pieces.

Inventory:

Hand Weapons
 n - a +1 short sword of electrocution
 u - a +2 war axe of freezing (weapon)
 w - the +0 war axe of Nouneduu {drain, rN++}
   (You found it on level 8 of the Dungeon)

   A truly terrible weapon, it drains the life of those it strikes.
   It greatly protects you from negative energy.
Armour
 l - a +2 pair of gloves (worn)
 q - a +0 cloak (worn)
 y - a +0 buckler (worn)
Jewellery
 f - a ring of protection from cold (left hand)
 g - an uncursed ring of fire
 r - a +4 ring of evasion (right hand)
 z - a +2 ring of dexterity
 A - an uncursed ring of flight {unknown}
 C - an uncursed ring of wizardry {unknown}
 G - an uncursed ring of wizardry {unknown}
Wands
 a - a wand of disintegration (19)
 s - a wand of acid (8)
 B - a wand of polymorph (6)
 D - a wand of paralysis (6)
Scrolls
 e - a scroll of immolation
 h - 6 scrolls of identify
 k - 6 scrolls of amnesia
 m - 2 scrolls of random uselessness
 p - a scroll of fog
 t - a scroll of fear
 x - a scroll of enchant weapon
 E - a scroll of magic mapping {unknown}
Potions
 c - a potion of flight {unknown}
 d - a potion of curing
 i - a potion of lignification
 j - a potion of haste
 v - 2 potions of cancellation
Comestibles
 b - 8 rations
 F - 4 chunks of flesh


   Skills:
 - Level 5.0 Fighting
 - Level 6.2 Dodging
 - Level 2.0 Stealth
 - Level 4.0 Shields
 - Level 4.0 Spellcasting
 + Level 11.1 Conjurations
 - Level 6.1 Hexes
 + Level 6.2 Fire Magic


You had 3 spell levels left.
You knew the following spells:

 Your Spells              Type           Power        Failure   Level  Hunger
a - Magic Dart            Conj           ####         1%          1    None
b - Searing Ray           Conj           #####.       1%          2    ##.....
c - Iskenderun's Mystic   Conj           #####...     1%          4    ####...
d - Fulminant Prism       Conj/Hex       ####......   1%          4    ####...
e - Conjure Flame         Conj/Fire      ####....     1%          3    ###....

Your spell library contained the following spells:

 Spells                   Type           Power        Failure   Level  Hunger
 Olgreb's Toxic Radiance  Pois           #.......     34%         4    ####...
 Flame Tongue             Conj/Fire      ####.        1%          1    None
 Slow                     Hex            ####....     1%          2    ##.....
 Throw Flame              Conj/Fire      ####..       1%          2    ##.....
 Dazzling Spray           Conj/Hex       ####..       1%          3    ###....
 Inner Flame              Hex/Fire       ####....     1%          3    ###....
 Mephitic Cloud           Conj/Pois/Air  ###.....     2%          3    ###....
 Summon Guardian Golem    Hex/Summ       ##......     13%         3    ###....
 Summon Small Mammal      Summ           #...         14%         1    None
 Blink                    Tloc           N/A          22%         2    ##.....
 Call Imp                 Summ           #.......     22%         2    ##.....
 Call Canine Familiar     Summ           #.......     41%         3    ###....
 Sticky Flame             Conj/Fire      ####....     1%          4    ####...
 Fireball                 Conj/Fire      ####......   3%          5    ######.
 Force Lance              Conj/Tloc      ###.....     4%          4    ####...
 Summon Ice Beast         Ice/Summ       #.......     82%         4    ####...
 Summon Lightning Spire   Summ/Air       #.......     82%         4    ####...


Dungeon Overview and Level Annotations

Branches:
Dungeon (9/15)             Temple (1/1) D:5            Lair (0/6) D:9
    Orc: D:9-12

Altars:
Ashenzari
Cheibriados
Dithmenos
Elyvilon
Fedhas
Gozag
Hepliaklqana
Kikubaaqudgha
Makhleb
Nemelex Xobeh
Okawaru
Qazlal
Ru
Sif Muna
Trog
Uskayaw
Vehumet
Wu Jian
Xom
Yredelemnul
Zin
The Shining One

Annotations:
D:7 Joseph


Innate Abilities, Weirdness & Mutations

You can breathe blasts of fire.
Your fiery red scales are hard. (AC +7)
You cannot fit into any form of body armour.
Your flesh is heat resistant. (rF+)
You are cold-blooded and may be slowed by cold attacks.


Message History

The centaur warrior shoots an arrow.
The arrow hits you!!
You see here 3 arrows.
The centaur warrior shoots an arrow.
The arrow hits you!!
* * * LOW HITPOINT WARNING * * *
You see here an arrow.
As you read the scroll of fog, it crumbles to dust.
The scroll dissolves into smoke.
The centaur warrior shoots an arrow.
The arrow misses you.
Okay, then.
You feel better.
As you read the scroll of teleportation, it crumbles to dust.
You feel strangely unstable.
The centaur warrior shoots an arrow.
The arrow hits you!
* * * LOW HITPOINT WARNING * * *
You see here an arrow.
You see here 2 arrows.
You see here an arrow.
Your surroundings suddenly seem different.
The centaur warrior shoots an arrow.
The arrow hits you!!
You die...

# #......####........# #
##.##.## #...........
###..##.#####..........
..........##...<........
.#.......>......(.###...
.#................###...
...........##..##.....
##.........###)#...#..
.#.......#.#....@..# #
.................###
#...........>...c..##
...##......§§§§.....
..#...##.#.§§§§#§.##
.....#####..#§§#§##
......# ##.#§§§##
......####...§§##
....#...##...§§##


You could see a centaur warrior.

Vanquished Creatures
  3 two-headed ogres
  Pikel (D:5)
  A troll (D:8)
  4 hippogriffs (D:8)
  A wyvern (D:9)
  2 orc warriors
  3 sky beasts
  4 ogres
  2 black bears
  A necrophage (D:6)
  An ice beast (D:5)
  2 phantoms
  2 centaurs
  Blork the orc (D:4)
  A big kobold (D:8)
  4 bullfrogs
  A scorpion (D:5)
  9 killer bees
  A howler monkey (D:8)
  A bullfrog zombie (D:6)
  5 crimson imps
  2 orc priests
  A quasit (D:7)
  6 hounds
  7 iguanas
  A jelly (D:7)
  Natasha (thrice) (D:2)
  6 orc wizards
  7 worker ants
  A killer bee zombie (D:6)
  A hound skeleton (D:5)
  2 worker ant zombies
  11 adders
  10 gnolls
  5 adder skeletons
  An adder zombie (D:7)
  8 worms
  3 dart slugs
  6 leopard geckos
  39 orcs
  3 ball pythons
  7 giant cockroaches
  10 hobgoblins
  10 jackals
  18 kobolds
  4 quokkas
  9 bats
  7 frilled lizards
  10 goblins
  A quokka zombie (D:5)
  4 rats
253 creatures vanquished.

Vanquished Creatures (others)
  A fulminant prism (D:7)
1 creature vanquished.

Grand Total: 254 creatures vanquished

Notes
Turn   | Place    | Note
-------+----------+-------------------------------------------
     0 | D:1      | Kold the Draconian Conjurer began the quest for the Orb.
     0 | D:1      | Reached XP level 1. HP: 14/14 MP: 3/3
   216 | D:1      | Reached XP level 2. HP: 15/20 MP: 1/5
   812 | D:1      | Reached XP level 3. HP: 20/26 MP: 0/6
  1326 | D:1      | Learned a level 2 spell: Searing Ray
  1939 | D:2      | Reached XP level 4. HP: 33/33 MP: 2/8
  2152 | D:2      | Noticed Natasha
  2232 | D:2      | Killed Natasha
  2232 | D:2      | Reached skill level 5 in Conjurations
  2526 | D:2      | Noticed Natasha
  2534 | D:2      | Killed Natasha
  2545 | D:2      | Noticed Natasha
  2554 | D:2      | Killed Natasha
  2554 | D:2      | Reached XP level 5. HP: 33/38 MP: 0/10
  2940 | D:3      | Found a faded altar of an unknown god.
  3195 | D:3      | Reached skill level 6 in Conjurations
  3195 | D:3      | Reached XP level 6. HP: 42/45 MP: 0/12
  3543 | D:3      | Noticed a sky beast
  3552 | D:3      | Killed a sky beast
  3942 | D:4      | Noticed Blork the orc
  4073 | D:4      | Killed Blork the orc
  4073 | D:4      | Reached skill level 7 in Conjurations
  4204 | D:4      | Your scales start taking on a fiery red colour.
  4204 | D:4      | Reached XP level 7. HP: 50/50 MP: 1/13
  4204 | D:4      | Gained mutation: Your flesh is heat resistant. (rF+) [Red
                  | Draconian growth]
  4210 | D:4      | Learned a level 4 spell: Iskenderun's Mystic Blast
  4215 | D:4      | Learned a level 4 spell: Fulminant Prism
  4509 | D:5      | Entered Level 5 of the Dungeon
  4522 | D:5      | Reached skill level 1 in Hexes
  4662 | D:5      | Found a staircase to the Ecumenical Temple.
  4700 | Temple   | Entered the Ecumenical Temple
  4741 | Temple   | Became a worshipper of Vehumet
  4977 | D:5      | Reached skill level 8 in Conjurations
  5050 | D:5      | Noticed Pikel
  5069 | D:5      | Killed Pikel
  5069 | D:5      | Reached XP level 8. HP: 48/57 MP: 4/14
  5287 | D:5      | Learned a level 3 spell: Conjure Flame
  5462 | D:6      | Reached skill level 9 in Conjurations
  5585 | D:6      | Noticed a two-headed ogre
  5691 | D:6      | Killed a two-headed ogre
  5691 | D:6      | Reached skill level 10 in Conjurations
  5691 | D:6      | Reached XP level 9. HP: 23/62 MP: 0/15
  6041 | D:6      | Found a shimmering altar of Xom.
  6041 | D:6      | Found a shimmering altar of Xom.
  6042 | D:6      | Reached * piety under Vehumet
  6042 | D:6      | Offered knowledge of Shock by Vehumet.
  6043 | D:6      | Found a shimmering altar of Xom.
  6056 | D:6      | Reached skill level 1 in Fighting
  6056 | D:6      | Reached skill level 1 in Shields
  6450 | D:6      | Reached skill level 1 in Fire Magic
  6792 | D:6      | Found a bloodstained altar of Trog.
  6793 | D:6      | Found a shattered altar of Ashenzari.
  6793 | D:6      | Found a deep blue altar of Sif Muna.
  6795 | D:6      | Found a basalt altar of Yredelemnul.
  6796 | D:6      | Found a glowing silver altar of Zin.
  7616 | D:7      | Offered knowledge of Throw Frost by Vehumet.
  7629 | D:7      | Reached ** piety under Vehumet
  7639 | D:7      | Noticed Joseph
  8216 | D:8      | Reached XP level 10. HP: 72/80 MP: 2/16
  8498 | D:8      | Got a dazzling war axe
  8505 | D:8      | Identified the cursed +0 war axe of Nouneduu {drain, rN++}
                  | (You found it on level 8 of the Dungeon)
  9056 | D:7      | Found a snail-covered altar of Cheibriados.
  9439 | D:8      | Reached skill level 5 in Fighting
  9472 | D:8      | Offered knowledge of Static Discharge by Vehumet.
  9907 | D:8      | Reached skill level 5 in Dodging
  9976 | D:9      | Noticed a centaur warrior
 10204 | D:9      | Noticed a two-headed ogre
 10204 | D:9      | Noticed a two-headed ogre
 10314 | D:8      | Killed a two-headed ogre
 10314 | D:8      | Reached skill level 5 in Fire Magic
 10933 | D:8      | Reached *** piety under Vehumet
 11495 | D:9      | Offered knowledge of Olgreb's Toxic Radiance by Vehumet.
 11772 | D:9      | Noticed a two-headed ogre
 11782 | D:9      | Killed a two-headed ogre
 11782 | D:9      | Reached skill level 11 in Conjurations
 11887 | D:9      | Found a staircase to the Lair.
 11887 | D:9      | Noticed a fire dragon
 11971 | D:9      | Shot with an arrow by a centaur warrior

Skill      XL: |  1  2  3  4  5  6  7  8  9 10 |
---------------+-------------------------------+-----
Stealth        | 2 |  2.0
Dodging        | 2 4 6 |  6.2
Spellcasting   | 3 4 |  4.0
Conjurations   | 5 6 7 8 10 11 | 11.1
Hexes          | 4 6 |  6.1
Fighting       | 4 5 |  5.0
Shields        | 4 |  4.0
Fire Magic     | 2 6 |  6.2

Action                   |  1- 3 |  4- 6 |  7- 9 | 10-12 || total
-------------------------+-------+-------+-------+-------++-------
Melee: Unarmed           |    21 |       |       |       ||    21
       Short sword       |    33 |    35 |    59 |       ||   127
       Tailslap          |    10 |     4 |     4 |     3 ||    21
       War axe           |       |       |       |    43 ||    43
 Cast: Magic Dart        |    71 |   123 |   195 |   141 ||   530
       Searing Ray       |     3 |    15 |    29 |    19 ||    66
       Iskenderun's Myst |       |       |    15 |    12 ||    27
       Conjure Flame     |       |       |     7 |     7 ||    14
       Fulminant Prism   |       |       |     1 |       ||     1
 Abil: Breathe Fire      |       |       |     7 |     2 ||     9
Evoke: Wand              |       |       |     2 |     2 ||     4
  Use: Potion            |       |       |     5 |     1 ||     6
       Scroll            |       |       |     9 |     7 ||    16
 Stab: Sleeping          |     1 |       |       |       ||     1
  Eat: Chunk             |     4 |     7 |    16 |     7 ||    34
       Ration            |       |       |     1 |     2 ||     3
Armor: Skin              |    16 |    31 |    57 |    46 ||   150
Dodge: Dodged            |    41 |    45 |   126 |   197 ||   409
Block: Buckler           |       |       |       |    58 ||    58
